 Dungeon Crawl Stone Soup version 0.28-a0-474-g535839065c (webtiles) character file.

Game seed: 2173427890401030575

1795 robertstho the Thaumaturge (level 9, -1/61 HPs)
             Began as a Djinni Fire Elementalist on Sept 15, 2021.
             Was an Initiate of Gozag.
             Slain by a yak (11 damage)
             ... on level 6 of the Dungeon.
             The game lasted 00:08:46 (8554 turns).

robertstho the Thaumaturge (DjFE)                   Turns: 8554, Time: 00:08:46

Health: -1/61      AC:  6    Str:  7    XL:     9   Next: 30%
Gold:   176        EV: 13    Int: 21    God:    Gozag SH:  0 Dex: 19

rFire   + + .      SeeInvis .   x - +2 broad axe (vorpal)
rCold   x . .      Faith    .   (no shield)
rNeg    . . .      Spirit   .   u - +2 animal skin
rPois   ∞          Reflect  .   v - +0 helmet
rElec   .          Harm     .   h - +0 cloak
rCorr   .          Rampage  .   (no gloves)
Will    .....                   (boots unavailable)
Stlth   ++........              (no amulet)
HPRegen 0.20/turn               m - +6 ring of dexterity
MPRegen 0.00/turn               (no ring)

@: gold aura, flying, very slightly contaminated
A: sickness immunity, fire resistance 2, cold vulnerability 1, float, innate
caster, hp casting, extra vitality 1
a: Renounce Religion, Potion Petition, Call Merchant, Bribe Branch


You were on level 6 of the Dungeon.
You worshipped Gozag.
Gozag was aware of your devotion.
You visited 2 branches of the dungeon, and saw 7 of its levels.

You collected 714 gold pieces.
You spent 489 gold pieces at shops.
You paid 49 gold pieces to Gozag.

Inventory:

Hand Weapons
 w - a +1 dagger of protection
 x - a +2 vorpal broad axe (weapon)
Armour
 h - a +0 cloak (worn)
 u - a +2 animal skin (worn)
 v - a +0 helmet (worn)
Jewellery
 m - a +6 ring of dexterity (left hand)
Scrolls
 a - a scroll of amnesia {unknown}
 c - 3 scrolls of blinking {unknown}
 d - a scroll of torment
 e - 2 scrolls of identify
 g - 4 scrolls of teleportation
 j - a scroll of brand weapon {unknown}
 o - a scroll of enchant weapon {unknown}
 q - a scroll of immolation {unknown}
 r - 3 scrolls of enchant armour
 s - a scroll of fear
 t - a scroll of vulnerability
Potions
 b - a potion of berserk rage {unknown}
 f - a potion of flight {unknown}
 i - a potion of degeneration {unknown}
 k - 4 potions of invisibility
 l - 4 potions of curing {unknown}
 n - 2 potions of haste {unknown}
 p - a potion of attraction {unknown}


   Skills:
 * Level 3.3 Fighting
 + Level 1.1 Axes
 + Level 3.4 Dodging
 + Level 2.2 Stealth
 * Level 8.3 Spellcasting


You had 2 spell levels left.
You knew the following spells:

 Your Spells              Type           Power      Damage    Failure   Level
a - Foxfire               Conj/Fire      100%       2x1d9     1%          1
b - Scorch                Fire           86%        2d9       1%          2
c - Conjure Flame         Conj/Fire      43%        6-21      1%          3
d - Inner Flame           Hex/Fire       43%        N/A       1%          3
e - Flame Wave            Conj/Fire      43%        3d9       2%          4
f - Beastly Appendage     Tmut           86%        N/A       1%          1
g - Slow                  Hex            43%        N/A       1%          2
h - Ensorcelled Hibernat  Hex/Ice        86%        N/A       1%          2
i - Airstrike             Air            21%        N/A       2%          4
Your spell library was empty.

Dungeon Overview and Level Annotations

Branches:
Dungeon (6/15)             Temple (1/1) D:5

Altars:
Ashenzari
Cheibriados
Dithmenos
Elyvilon
Gozag
Hepliaklqana
Kikubaaqudgha
Makhleb
Nemelex Xobeh
Okawaru
Ru
Sif Muna
Trog
Uskayaw
Vehumet
Wu Jian
Xom
Yredelemnul
Zin
The Shining One
Beogh

Shops:
D:2 [**   D:3 (

Annotations:
D:4 3 runed translucent doors, Dittersdorf's ghost, amateur GrFi


Innate Abilities, Weirdness & Mutations

You are immune to sickness and miasma.
You are immune to poison.
Your flesh is very heat resistant. (rF++)
You are vulnerable to cold. (rC-)
You float through the air rather than walking.
You learn spells naturally, not from books.
Your magical power is your life essence.
You have superior vitality. (+4 HP)


Message History

The yak is moderately wounded.
The yak is no longer distracted by gold.
The flame wave engulfs the yak!!
The yak is heavily wounded.
You finish channelling waves of flame.
The yak gores you.
Your Axes skill increases to level 1!
Your Spellcasting skill increases to level 8!
Unknown command.
Casting: Flame Wave (dangerous; 2% risk of failure)
Confirm with . or Enter, or press ? or * to list all spells.
Casting: Flame Wave (dangerous; 2% risk of failure)
Press: ? - help, Dir - look around, f - activate You miscast Flame Wave.
Nothing appears to happen.
The yak misses you. The yak gores you!
* * * LOW HITPOINT WARNING * * *
The yak barely misses you.
Unknown command.
Casting: Flame Wave (dangerous; 2% risk of failure)
Confirm with . or Enter, or press ? or * to list all spells.
Casting: Flame Wave (dangerous; 2% risk of failure)
Press: ? - help, Dir - look around, f - activate A wave of flame ripples out!
The flame wave engulfs the yak!!
The yak is almost dead.
The flame wave engulfs the yak!
You kill the yak!
The flame wave engulfs the yak!
The yak is severely wounded. (Press . to intensify the flame waves.)
* * * LOW HITPOINT WARNING * * *
The yak misses you. The yak closely misses you.
A wave of flame ripples out!
The flame wave engulfs the yak!
You kill the yak!
The flame wave engulfs the yak!
The yak is moderately wounded.
The flame wave engulfs the yak!
The yak is almost dead.
* * * LOW HITPOINT WARNING * * *
The yak gores you!
You die...
Your body crumbles into a pile of gold.

#............#.
#######.#.#.######.#.
#.......#..........#.
#.#########.######...
#....# #.# #...
####.# #.# #..# #.# #
#.# #..# #####.#.# ..
#.). #....@.># #.#.
#...$YY.# #.#.
#.......# #.#.
#.......# #.##
#.......# #. #
#.......# #. #
......... ..
#..........


You could see 2 yaks.

Vanquished Creatures
  Grinder (D:4)
  3 yaks (D:6)
  A water moccasin (D:6)
  2 ice beasts
  An orc warrior (D:6)
  2 necrophages (D:6)
  A scorpion (D:6)
  2 bullfrog zombies
  3 hounds
  3 orc priests
  A centaur skeleton (D:6)
  Crazy Yiuf (D:4)
  A bullfrog skeleton (D:6)
  2 iguanas
  An orc wizard (D:3)
  A scorpion zombie (D:5)
  A killer bee zombie (D:4)
  Robin (D:3)
  6 gnolls
  7 adders
  2 ufetubi
  2 adder skeletons (D:4)
  4 worms
  3 dart slugs
  5 orcs (D:3)
  9 ball pythons
  7 endoplasms
  7 giant cockroaches
  16 goblins
  14 hobgoblins
  3 quokkas
  4 bats
  5 frilled lizards
  4 kobolds
  3 rats
129 creatures vanquished.

Vanquished Creatures (collateral kills)
  A foxfire (D:4)
1 creature vanquished.

Vanquished Creatures (others)
  457 foxfires
  3 plants (D:4)
460 creatures vanquished.

Grand Total: 590 creatures vanquished

Notes
Turn   | Place    | Note
-------+----------+-------------------------------------------
     0 | D:1      | robertstho the Djinni Fire Elementalist began the quest for
                  | the Orb.
     0 | D:1      | Reached XP level 1. HP: 15/15 MP: 0/0
   111 | D:1      | Reached XP level 2. HP: 16/21 MP: 0/0
   296 | D:1      | Reached skill level 3 in Spellcasting
   608 | D:1      | Reached XP level 3. HP: 21/25 MP: 0/0
   608 | D:1      | Learned a level 1 spell: Beastly Appendage
  1523 | D:2      | Found Unyck's Assorted Antiques.
  1634 | D:2      | Found Optaef's General Store.
  1643 | D:2      | Bought a scroll of identify for 20 gold pieces
  1701 | D:2      | Reached XP level 4. HP: 30/31 MP: 0/0
  2094 | D:2      | Reached skill level 1 in Fighting
  2101 | D:2      | Reached XP level 5. HP: 17/37 MP: 0/0
  2101 | D:2      | Learned a level 2 spell: Slow
  2298 | D:2      | Found Xullut's Antique Armour Shop.
  2430 | D:2      | Reached skill level 4 in Spellcasting
  2650 | D:2      | Found a faded altar of an unknown god.
  2804 | D:3      | Noticed Robin
  3162 | D:3      | You are sucked into a shaft and drop 2 floors!
  3162 | D:5      | Entered Level 5 of the Dungeon
  3162 | D:5      | Found a staircase to the Ecumenical Temple.
  3169 | Temple   | Entered the Ecumenical Temple
  3495 | Temple   | Became a worshipper of Gozag Ym Sagoz the Greedy
  3585 | D:5      | Reached XP level 6. HP: 18/42 MP: 0/0
  3862 | D:5      | Noticed an ice beast
  3866 | D:5      | Killed an ice beast
  3867 | D:5      | Reached skill level 5 in Spellcasting
  4318 | D:5      | Reached XP level 7. HP: 45/47 MP: 0/0
  4318 | D:5      | Learned a level 2 spell: Ensorcelled Hibernation
  4873 | D:4      | Noticed Grinder
  4887 | D:4      | Killed Grinder
  4888 | D:4      | Reached skill level 6 in Spellcasting
  5808 | D:4      | Found a runed translucent gate.
  5808 | D:4      | Found a runed translucent gate.
  5808 | D:4      | Found a runed translucent gate.
  5809 | D:4      | Noticed Dittersdorf's ghost (amateur GrFi)
  5812 | D:4      | Identified the +11 hand axe "Rero Wef" {vorpal, rC- rCorr
                  | Int+2}
  5909 | D:4      | Found a runed translucent door.
  5910 | D:4      | Noticed Crazy Yiuf
  5916 | D:4      | Killed Crazy Yiuf
  6265 | D:3      | Reached XP level 8. HP: 44/54 MP: 0/0
  6362 | D:3      | Killed Robin
  6824 | D:3      | Found Soradd's Weapon Shop.
  6830 | D:3      | Bought a +2 vorpal broad axe for 234 gold pieces
  6875 | D:2      | Bought a scroll of enchant armour for 75 gold pieces
  6941 | D:3      | Found an iron altar of Okawaru.
  7624 | D:2      | Bought 2 potions of invisibility for 160 gold pieces
  7725 | D:6      | Reached skill level 7 in Spellcasting
  8009 | D:6      | Reached XP level 9. HP: 23/59 MP: 0/0
  8009 | D:6      | Learned a level 4 spell: Airstrike
  8552 | D:6      | Reached skill level 1 in Axes
  8552 | D:6      | Reached skill level 8 in Spellcasting
  8554 | D:6      | Slain by a yak

Illustrated notes

Levels and vault maps discovered:
D:1:      evilmike_arrival_plus, layout_basic
D:2:      layout_basic, serial_shops, nicolae_shop_window_shopping,
          nicolae_shop_competitors_out_of_business, shop,
          basic_ecumenical_altar, chequers_serial_rivers_small_3
D:3:      layout_loops_corners, kennysheep_okawaru_gauntlet, serial_shops,
          nicolae_shop_behind_doors, hangedman_feature_mirror, uniq_robin
D:4:      layout_basic, biasface_ghost_orc_armoury, chequers_big_river,
          kennysheep_generic_room_2, uniq_crazy_yiuf_cottage, uniq_grinder
D:5:      layout_basic, temple_pool_b
D:6:      layout_basic, serial_park_tiny_pond, chequers_serial_rivers_micro_b,
          st_stairs_4
Temple:   roderic_octagonal_lattice_temple

Skill      XL: |  1  2  3  4  5  6  7  8  9 |
---------------+----------------------------+-----
Spellcasting   | 3 4 5 6 7 8 |  8.3
Fighting       | 1 2 3 |  3.3
Dodging        | 3 |  3.4
Stealth        | 2 |  2.2
Axes           | 1 |  1.1

Action                   |  1- 3 |  4- 6 |  7- 9 || total
-------------------------+-------+-------+-------++-------
Melee: Unarmed           |     2 |       |       ||     2
       Dagger            |       |       |     5 ||     5
       Broad axe         |       |       |    18 ||    18
 Cast: Foxfire           |    75 |    81 |   110 ||   266
       Scorch            |       |    28 |    59 ||    87
       Flame Wave        |       |       |     3 ||     3
  Use: Scroll            |     1 |     1 |     2 ||     4
Armor: Robe              |     2 |     4 |     3 ||     9
       Animal skin       |       |       |    17 ||    17
Dodge: Dodged            |     6 |    13 |    41 ||    60

Table legend: (Time is in decaauts)
 A = Elapsed time spent in this place.
 B = Non-inter-level travel time spent in this place.
 C = Inter-level travel time spent in this place.
 D = Time resting spent in this place.
 E = Time spent auto-exploring this place.
 F = Levels seen in this place.
 G = Mean time per level.
                   A        B        C        D        E       F      G
               +--------+--------+--------+--------+--------+-----+--------+
         Total |   8570 |   8055 |    515 |      0 |   7193 |   7 | 1224.3 |
       Dungeon |   8302 |   7860 |    442 |      0 |   7020 |   6 | 1383.7 |
        Temple |    268 |    196 |     72 |      0 |    173 |   1 |  268.0 |
               +--------+--------+--------+--------+--------+-----+--------+

Top non-repeatable levels by time:
     D:3: 1694 daAuts
     D:2: 1630 daAuts
     D:4: 1519 daAuts
     D:1: 1420 daAuts
     D:5: 1127 daAuts
     D:6: 909 daAuts
  Temple: 268 daAuts
